 Dungeon Crawl Stone Soup version 0.18-a0-1036-g7ac1859 (webtiles) character file.

30 vismund the Ruffian (level 3, 0/24 HPs)
             Began as a Gargoyle Monk on Jan 9, 2016.
             Slain by a bat (1 damage)
             ... on level 2 of the Dungeon.
             The game lasted 00:03:04 (1290 turns).

vismund the Ruffian (Gargoyle Monk)                 Turns: 1290, Time: 00:03:05

Health: 0/24       AC:  5    Str: 15    XL:     3   Next: 20%
Magic:  3/3        EV: 12    Int: 10    God:
Gold:   89         SH:  0    Dex: 12    Spells: 0 memorised, 2 levels left

rFire  + . .     SeeInvis .       - Unarmed
rCold  + . .     Gourm    .     a - +0 robe
rNeg   + . .     Faith    .     (no shield)
rPois  ∞         Spirit   .     (no helmet)
rElec  +         Dismiss  .     (no cloak)
rCorr  +         Reflect  .     (no gloves)
SustAt .         Harm     .     (no boots)
MR     .....                    (no amulet)
Stlth  ++........               (no ring)
                                (no ring)

@: resistant, not resistant to hostile enchantments, unstealthy
A: negative energy resistance 1, electricity resistance, unbreathing,
petrification resistance, rot immunity, AC +3
a: no special abilities


You were on level 2 of the Dungeon.
You were not hungry.

You visited 1 branch of the dungeon, and saw 2 of its levels.

You collected 89 gold pieces.

Inventory:

Armour
 a - a +0 robe (worn)
Scrolls
 c - a scroll of remove curse {unknown}
 e - a scroll of random uselessness {unknown}
Comestibles
 b - a bread ration


   Skills:
 + Level 4.1 Fighting
 - Level 2.4 Dodging
 - Level 2.1 Stealth
 + Level 4.4 Unarmed Combat


You had 2 spell levels left.
You didn't know any spells.

Dungeon Overview and Level Annotations

Branches:
Dungeon (2/15)

Altars:
Kikubaaqudgha


Innate Abilities, Weirdness & Mutations

You are resistant to torment.
Your stone body is resilient (AC +3).
You are immune to poison.
You resist negative energy.
You are resistant to electric shocks.
You can survive without breathing.
You are immune to petrification.
You are immune to rotting.


Message History

The bat hits you.
* * * LOW HITPOINT WARNING * * *
The adder bites you but does no damage. The kobold hits you but does no damage.
The adder bites you.
* * * LOW HITPOINT WARNING * * *
You punch the adder!
You kill the adder!
You have reached level 3!
Your experience leads to an increase in your attributes!
Increase (S)trength, (I)ntelligence, or (D)exterity?
You feel stronger. The bat barely misses you.
The kobold hits you but does no damage.
You hit the kobold.
You kill the kobold!
The bat hits you but does no damage. The bat hits you.
* * * LOW HITPOINT WARNING * * *
The bat hits you but does no damage.
You barely miss the bat. The bat hits you but does no damage.
You hit the bat but do no damage. The bat hits you.
You die...

.....).............#
......$............. .....
........######...#.. .....
.######.#........#.. ......
######.#........#.# ......
#......#........#.#
......####...............#.#
.........'(..............#.#
.........#b@.............#.#
.........'..........####...#
###+#..†.###........##.....#
..........................'
....#.......#..#...........#
###............#...........#
........#%...#............
.........#....#.##.........
...##....# ...#. #.........


You could see a bat.

Vanquished Creatures
  An adder (D:2)
  2 giant cockroaches (D:1)
  5 goblins
  2 hobgoblins
  3 kobolds
  A quokka (D:2)
  4 bats
  2 rats (D:1)
20 creatures vanquished.

Vanquished Creatures (others)
  A human (D:2)
1 creature vanquished.

Grand Total: 21 creatures vanquished

Notes
Turn   | Place    | Note
--------------------------------------------------------------
     0 | D:1      | vismund the Gargoyle Monk began the quest for the Orb.
     0 | D:1      | Reached XP level 1. HP: 14/14 MP: 1/1
   323 | D:1      | Reached XP level 2. HP: 19/19 MP: 2/2
  1228 | D:2      | Found an ancient bone altar of Kikubaaqudgha.
  1229 | D:2      | Noticed a human
  1231 | D:2      | Killed a human
  1286 | D:2      | Reached XP level 3. HP: 2/24 MP: 3/3
  1287 | D:2      | HP: 1/24 [bat (1)]
  1290 | D:2      | Slain by a bat

Vault maps used:
D:1:      dpeg_arrival_court, minmay_misc_feat_ornament
D:2:      lemuel_crystal_altar, first_bread, tgw_kikubaaqudgha

Action                   || total
-------------------------++-------
Melee: Unarmed           ||    93
  Use: Potion            ||     1
 Stab: Sleeping          ||     2
  Eat: Pizza             ||     1
